 Dungeon Crawl Stone Soup version 0.23.0 (webtiles) character file.

Game seed: 2872363286582470203

1306 Infinimo the Slasher (level 8, 0/64 HPs)
             Began as a Demonspawn Berserker on Feb 10, 2019.
             Was a Priest of Trog.
             Killed by vampiric draining
             ... invoked by a vampire
              (10 damage)
             ... on level 6 of the Dungeon.
             The game lasted 00:07:04 (4575 turns).

Infinimo the Slasher (Demonspawn Berserker)         Turns: 4575, Time: 00:07:04

Health: 0/64       AC: 14    Str: 20    XL:     8   Next: 32%
Magic:  8/8        EV:  6    Int:  8    God:    Trog [***...]
Gold:   307        SH:  5    Dex: 13    Spells: 7/7 levels left

rFire    . . .     SeeInvis .   r - +0 scimitar
rCold    . . .     Gourm    .   i - +0 buckler
rNeg     . . .     Faith    .   p - +0 plate armour
rPois    .         Spirit   .   (helmet unavailable)
rElec    .         Reflect  .   n - scarf {cloud immunity}
rCorr    .         Harm     .   g - +0 pair of gloves
MR       .....                  (no boots)
Stlth    ..........             (no amulet)
HPRegen  0.20/turn              (no ring)
MPRegen  0.11/turn              (no ring)

@: berserk cooldown, slowed, very slow
A: horns 3, rugged brown scales 1, powered by death 1, rot immunity
a: Berserk, Trog's Hand, Renounce Religion


You were on level 6 of the Dungeon.
You worshipped Trog.
Trog was most pleased with you.
You were very hungry.

You visited 1 branch of the dungeon, and saw 6 of its levels.

You collected 307 gold pieces.

Inventory:

Hand Weapons
 r - a +0 scimitar (weapon)
Armour
 g - a +0 pair of gloves (worn)
 i - a +0 buckler (worn)
 n - a scarf of cloud immunity (worn)
 p - a +0 plate armour (worn)
Jewellery
 o - an uncursed ring of stealth {unknown}
 q - a +3 ring of protection {unknown}
Wands
 m - a wand of scattershot (6)
Scrolls
 f - 2 scrolls of teleportation
 h - 2 scrolls of remove curse
 j - 2 scrolls of enchant weapon
Potions
 d - a potion of might {unknown}
 e - a potion of berserk rage
 k - 3 potions of flight
 l - a potion of curing
Comestibles
 b - 6 chunks of flesh
 c - 8 rations


   Skills:
 + Level 5.4 Fighting
 * Level 6.6 Long Blades
 + Level 4.5 Armour
 - Level 1.7 Dodging
 + Level 3.3 Shields


You had 7 spell levels left.
You didn't know any spells.
Your spell library was empty.

Dungeon Overview and Level Annotations

Branches:
Dungeon (6/15)
 Temple: D:4-7

Altars:
Ashenzari
Elyvilon
Gozag
Nemelex Xobeh
Ru


Innate Abilities, Weirdness & Mutations

You have a pair of large horns on your head.
You are partially covered in rugged brown scales. (AC +1, +3% HP)
You regenerate a little health from kills.
You are immune to rotting.


Message History

You bump into the rock wall.
You feel a strong urge to attack something.
Something bites you!
Something draws strength from your injuries!
You bump into the rock wall.
Something hits you!
* * * LOW HITPOINT WARNING * * *
Something hits you!
* * * LOW HITPOINT WARNING * * *
Something bites you.
* * * LOW HITPOINT WARNING * * *
Something draws strength from your injuries!
You headbutt something!!
You're too confused to move!
You are no longer berserk.
You are exhausted.
You feel yourself slow down.
You hit something but do no damage. You headbutt something.
You feel less confused.
Unholy energy fills the air.
You die...

####### #.....# #
#.###.###### #
#.#.....##.. .
###.#####)##.#####
#.........##.#....
#...####..##.#.###
#.).((....##.#..)#
#@{.##.#..##....).
#.####.#.......#..
+.............>###
...###.###.#....#....
#........#.#.#..#####
#.####.....#.#..#(...
.......#........#.###
...#.......#.##.#....
.....<...#...#..#....


There were no monsters in sight!

Vanquished Creatures
  Grinder (D:3)
  Sigmund (D:3)
  A sky beast (D:5)
  4 ogres
  A crimson imp (D:5)
  2 orc priests (D:5)
  A bullfrog skeleton (D:6)
  An iguana (D:5)
  An orc wizard (D:5)
  3 worker ants
  11 adders
  4 gnolls (D:5)
  A howler monkey skeleton (D:5)
  A shadow imp (D:3)
  2 oozes (D:2)
  An adder skeleton (D:5)
  An adder zombie (D:4)
  4 worms
  5 leopard geckos
  15 orcs
  3 ball pythons
  3 giant cockroaches
  6 goblins
  6 hobgoblins
  3 jackals (D:1)
  2 kobolds (D:3)
  4 quokkas
  A ball python skeleton (D:4)
  8 bats
  9 frilled lizards
  A leopard gecko skeleton (D:5)
  A quokka zombie (D:5)
  11 rats
119 creatures vanquished.

Notes
Turn   | Place    | Note
-------+----------+-------------------------------------------
     0 | D:1      | Infinimo the Demonspawn Berserker began the quest for the
                  | Orb.
     0 | D:1      | Reached XP level 1. HP: 18/18 MP: 1/1
    73 | D:1      | You fall through a shaft!
    73 | D:2      | Found a sacrificial altar of Ru.
    79 | D:2      | Reached skill level 3 in Long Blades
    79 | D:2      | Gained mutation: You have a pair of small horns on your
                  | head. [demonic ancestry]
    79 | D:2      | Reached XP level 2. HP: 24/24 MP: 2/2
   127 | D:2      | Found a shattered altar of Ashenzari.
   426 | D:1      | Gained mutation: You are partially covered in rugged brown
                  | scales. (AC +1, +3% HP) [demonic ancestry]
   426 | D:1      | Reached XP level 3. HP: 19/29 MP: 3/3
  1179 | D:2      | Reached ** piety under Trog
  1253 | D:2      | Gained mutation: You regenerate a little health from kills.
                  | [demonic ancestry]
  1253 | D:2      | Reached XP level 4. HP: 36/36 MP: 4/4
  2022 | D:3      | Found an opulent altar of Gozag.
  2080 | D:3      | Noticed Sigmund
  2088 | D:3      | Killed Sigmund
  2088 | D:3      | Reached skill level 4 in Long Blades
  2088 | D:3      | Reached skill level 1 in Shields
  2088 | D:3      | Gained mutation: You have a pair of horns on your head.
                  | [demonic ancestry]
  2088 | D:3      | Reached XP level 5. HP: 43/43 MP: 5/5
  2196 | D:3      | Noticed Grinder
  2198 | D:3      | Paralysed by Grinder for 7 turns
  2212 | D:3      | Paralysed by Grinder for 2 turns
  2220 | D:3      | HP: 2/43 [Grinder (3)]
  2223 | D:3      | Paralysed by Grinder for 6 turns
  2237 | D:3      | Killed Grinder
  2237 | D:3      | Reached skill level 5 in Long Blades
  2237 | D:3      | Gained mutation: You are immune to rotting. [demonic
                  | ancestry]
  2237 | D:3      | Reached XP level 6. HP: 32/50 MP: 6/6
  2784 | D:4      | Gained mutation: You have a pair of large horns on your
                  | head. [demonic ancestry]
  2784 | D:4      | Reached XP level 7. HP: 36/56 MP: 7/7
  3022 | D:4      | Found a white marble altar of Elyvilon.
  3566 | D:5      | Entered Level 5 of the Dungeon
  3663 | D:5      | Reached *** piety under Trog
  3787 | D:5      | Reached skill level 5 in Fighting
  3870 | D:5      | Reached skill level 6 in Long Blades
  4122 | D:5      | Found a sparkling altar of Nemelex Xobeh.
  4176 | D:5      | Reached XP level 8. HP: 63/63 MP: 8/8
  4575 | D:6      | Killed from afar by a vampire

Skill      XL: |  1  2  3  4  5  6  7 |
---------------+----------------------+-----
Long Blades    | 3 4 5 6 |  6.6
Armour         | 2 3 4 |  4.5
Fighting       | 4 5 |  5.4
Shields        | 1 2 3 |  3.3
Dodging        | |  1.7

Action                   |  1- 3 |  4- 6 |  7- 9 || total
-------------------------+-------+-------+-------++-------
Melee: Falchion          |    77 |    83 |   146 ||   306
       Headbutt          |    17 |    13 |    33 ||    63
       Scimitar          |       |       |    12 ||    12
Invok: Berserk           |     5 |     5 |     7 ||    17
  Use: Scroll            |       |     6 |     7 ||    13
       Potion            |       |     2 |       ||     2
  Eat: Chunk             |     5 |     7 |    11 ||    23
       Ration            |       |     1 |       ||     1
Armor: Animal skin       |    33 |     5 |       ||    38
       Scale mail        |       |    31 |     2 ||    33
       Chain mail        |       |       |    21 ||    21
       Plate armour      |       |       |    31 ||    31
Dodge: Dodged            |    43 |    44 |    32 ||   119
Block: Buckler           |       |     8 |    25 ||    33
       Rpst.: Falchion   |    15 |    12 |     6 ||    33
